 Dungeon Sprint DCSS version 0.20.1-1-g8b1a95d (webtiles) character file.

978 JustSomeDude the Unseen (level 7, -6/56 HPs)
             Began as a Vampire Assassin on Nov 14, 2017.
             Was an Initiate of Dithmenos.
             Mangled by a deep troll (18 damage)
             ... in the Dungeon (Sprint I: "Red Sonja").
             The game lasted 00:01:13 (233 turns).

JustSomeDude the Unseen (Vampire Assassin)           Turns: 233, Time: 00:01:14

Health: -6/56      AC:  5    Str: 10    XL:     7   Next: 95%
Magic:  7/7        EV: 11    Int: 13    God:    Dithmenos [......]
Gold:   421        SH:  0    Dex: 18    Spells: 6/6 levels left

rFire    . . .     SeeInvis +   s - +0 dagger (venom)
rCold    . . .     Gourm    .   (no shield)
rNeg     + . .     Faith    .   p - +1 leather armour {rPois}
rPois    +         Spirit   .   (no helmet)
rElec    .         Reflect  .   d - +0 cloak
rCorr    .         Harm     .   (no gloves)
MR       .....     NoTele   +   (no boots)
Stlth    ++++++++..             (no amulet)
Regen    0.2/turn               (no ring)
MPRegen  0.1/turn               (no ring)

@: no status effects
A: fangs 3, see invisible, unbreathing
a: Bat Form, Renounce Religion


You were in the Dungeon.
You worshipped Dithmenos.
Dithmenos was noncommittal.
You were not thirsty.

You visited 1 branch You collected 421 gold pieces.

Inventory:

Hand Weapons
 a - a +2 dagger
 b - a +0 blowgun
 s - a +0 dagger of venom (weapon)
Missiles
 e - 8 poisoned needles
 f - 9 curare-tipped needles
Armour
 c - a +0 robe
 d - a +0 cloak (worn)
 p - a +1 leather armour of poison resistance (worn)
Wands
 n - a wand of random effects (17/48)
 r - a wand of confusion (37/48)
Scrolls
 m - a scroll of blinking
Potions
 g - 5 potions of blood
 h - a potion of curing
 i - a potion of heal wounds
 j - a potion of haste
 k - 2 potions of magic
 l - a potion of berserk rage
 o - a potion of degeneration {unknown}
 q - a potion of might {unknown}


   Skills:
 + Level 5.0 Fighting
 + Level 7.7 Short Blades
 + Level 4.0 Throwing
 + Level 1.1 Dodging
 + Level 20.6 Stealth


You had 6 spell levels left.
You didn't know any spells.

Dungeon Overview and Level Annotations

Branches:
Dungeon (1/1)

Altars:
Cheibriados
Dithmenos
Elyvilon
Fedhas
Gozag
Hepliaklqana
Kikubaaqudgha
Nemelex Xobeh
Okawaru
Qazlal
Ru
Sif Muna
Trog
Uskayaw
Vehumet
Yredelemnul
Zin
The Shining One

Shops:
D %


Innate Abilities, Weirdness & Mutations

You have razor-sharp teeth.
You have supernaturally acute eyesight. (SInv)
You can survive without breathing.


Message History

an uncursed dagger of venom; an uncursed blowgun
s - an uncursed dagger of venom Your +0 dagger of venom begins to drip with poison!
s - a +0 dagger of venom (weapon)
You now have 340 gold pieces (gained 27).
You now have 367 gold pieces (gained 27).
You see here an uncursed blowgun.
You now have 394 gold pieces (gained 27).
You now have 421 gold pieces (gained 27).
You open the door.
A deep troll comes into view.
Found 108 gold pieces.
There is an open door here.
The deep troll bites you!! The deep troll misses you. The deep troll claws you.
You see here 27 gold pieces.
You hit the deep troll but do no damage.
The deep troll is poisoned.
The deep troll bites you!!
* * * LOW HITPOINT WARNING * * *
The deep troll closely misses you. The deep troll claws you!!
You die...

#..#####'#####'#
#..####..#...#.#
#..#__####..##.#
#..#_____##'#..+
#⌠⌠#_.∩...'..._#
####_..__##_.#'#
#_____###'#.#
#########.####+###
+...'@T.$$+
#.).####### ##.##
#+#


You could see a deep troll.

Vanquished Creatures
  Sonja (D)
  Sigmund (D)
  A yak (D)
  An ogre (D)
  A jelly (D)
  Ijyb (D)
6 creatures vanquished.

Notes
Turn   | Place    | Note
-------+----------+-------------------------------------------
     0 | D        | JustSomeDude the Vampire Assassin began the quest for the Orb.
     0 | D        | Reached XP level 1. HP: 16/16 MP: 1/1
     1 | D        | Noticed Ijyb
     6 | D        | Killed Ijyb
     6 | D        | Reached skill level 9 in Stealth
     6 | D        | Reached XP level 2. HP: 22/22 MP: 2/2
   122 | D        | Noticed an ogre
   125 | D        | Killed an ogre
   125 | D        | Reached skill level 13 in Stealth
   125 | D        | Reached XP level 3. HP: 28/28 MP: 3/3
   125 | D        | Reached XP level 4. HP: 34/34 MP: 4/4
   136 | D        | Noticed Sigmund
   139 | D        | Killed Sigmund
   139 | D        | Reached skill level 5 in Short Blades
   139 | D        | Reached skill level 15 in Stealth
   139 | D        | Reached XP level 5. HP: 41/41 MP: 5/5
   153 | D        | Found a deep blue altar of Sif Muna.
   155 | D        | Found a radiant altar of Vehumet.
   160 | D        | Found Kugom's Food Emporium.
   160 | D        | Found an ancient bone altar of Kikubaaqudgha.
   160 | D        | Found a hazy altar of Hepliaklqana.
   160 | D        | Found a stormy altar of Qazlal.
   160 | D        | Found a hide-covered altar of Uskayaw.
   160 | D        | Found a blossoming altar of Fedhas.
   160 | D        | Found a bloodstained altar of Trog.
   160 | D        | Found an iron altar of Okawaru.
   160 | D        | Found a basalt altar of Yredelemnul.
   160 | D        | Found a glowing golden altar of the Shining One.
   160 | D        | Found a snail-covered altar of Cheibriados.
   160 | D        | Found a sacrificial altar of Ru.
   160 | D        | Found a glowing silver altar of Zin.
   160 | D        | Found a shadowy altar of Dithmenos.
   160 | D        | Found a white marble altar of Elyvilon.
   160 | D        | Noticed a yak
   161 | D        | Found an opulent altar of Gozag.
   162 | D        | Killed a yak
   162 | D        | Reached skill level 17 in Stealth
   162 | D        | Reached XP level 6. HP: 48/48 MP: 6/6
   163 | D        | Found a sparkling altar of Nemelex Xobeh.
   169 | D        | Became a worshipper of Dithmenos the Shadowed
   212 | D        | Noticed Sonja
   216 | D        | Killed Sonja
   216 | D        | Reached skill level 5 in Fighting
   216 | D        | Reached skill level 20 in Stealth
   216 | D        | Reached XP level 7. HP: 56/56 MP: 7/7
   230 | D        | Noticed a deep troll
   233 | D        | Mangled by a deep troll

Skill      XL: |  1  2  3  4  5  6 |
---------------+-------------------+-----
Fighting       | 2 3 4 5 |  5.0
Short Blades   | 3 4 5 6 7 |  7.7
Stealth        | 9 13 15 17 20 | 20.6
Throwing       | 2 3 4 |  4.0
Dodging        | |  1.1

Action                   |  1- 3 |  4- 6 |  7- 9 || total
-------------------------+-------+-------+-------++-------
Melee: Dagger            |     4 |     4 |     1 ||     9
       Bite              |     2 |       |       ||     2
 Stab: Sleeping          |     2 |     4 |       ||     6
Armor: Robe              |     1 |       |       ||     1
Dodge: Dodged            |       |       |     2 ||     2
